 Dungeon Crawl Stone Soup version 0.26-a0-774-g1415c89e12 (webtiles) character file.

Game seed: 10081566161817304168

161 Kinoniko the Chopper (level 5, -4/46 HPs)
             Began as a Draconian Monk on Nov 9, 2020.
             Was a Follower of Okawaru.
             Slain by a gnoll
             ... wielding a +0 whip
              (7 damage)
             ... on level 3 of the Dungeon.
             The game lasted 00:02:23 (2648 turns).

Kinoniko the Chopper (Draconian Monk)               Turns: 2648, Time: 00:02:24

Health: -4/46      AC:  6    Str: 14    XL:     5   Next: 18%
Magic:  4/5        EV: 13    Int: 10    God:    Okawaru [*.....]
Gold:   116        SH:  5    Dex: 14    Spells: 4/4 levels left

rFire    . . .     SeeInvis .   a - +0 hand axe
rCold    . . .     Faith    .   (no shield)
rNeg     . . .     Spirit   .   (armour unavailable)
rPois    .         Reflect  +   (helmet restricted)
rElec    .         Harm     .   g - +0 cloak
rCorr    .         Rampage  .   (no gloves)
MR       +....                  (no boots)
Stlth    ++........             k - amulet of reflection
HPRegen  0.15/turn              d - ring of protection from magic
MPRegen  0.09/turn              (no ring)

@: lightly drained
A: unfitting armour, cold-blooded, AC +5
a: Heroism, Renounce Religion


You were on level 3 of the Dungeon.
You worshipped Okawaru.
Okawaru was aware of your devotion.
You visited 1 branch of the dungeon, and saw 3 of its levels.

You collected 116 gold pieces.

Inventory:

Hand Weapons
 a - a +0 hand axe (weapon)
Missiles
 l - 2 javelins (quivered)
Armour
 g - a +0 cloak (worn)
Jewellery
 d - a ring of protection from magic (left hand)
 k - an amulet of reflection (around neck)
Scrolls
 c - a scroll of identify {unknown}
 f - 2 scrolls of fear {unknown}
 h - a scroll of amnesia {unknown}
 j - a scroll of remove curse {unknown}
 m - a scroll of teleportation {unknown}
 n - a scroll of enchant weapon {unknown}
Potions
 b - 2 potions of ambrosia {unknown}
 e - 2 potions of haste {unknown}
 i - a potion of lignification {unknown}


   Skills:
 + Level 4.2(3.9) Fighting
 * Level 4.7(4.3) Axes
 + Level 3.5(3.2) Dodging
 - Level 1.7(1.4) Stealth


You had 4 spell levels left.
You didn't know any spells.
Your spell library contained the following spells:

 Spells                   Type           Power        Failure   Level
 Animate Skeleton         Necr           #.....       36%         1
 Apportation              Tloc           #.....       36%         1
 Corona                   Hex            #......      36%         1
 Summon Small Mammal      Summ           #...         36%         1


Dungeon Overview and Level Annotations

Branches:
Dungeon (3/15)

Altars:
Okawaru


Innate Abilities, Weirdness & Mutations

Your plain brown scales are hard. (AC +5)
You cannot fit into any form of body armour.
You are cold-blooded and may be slowed by cold attacks.


Message History

You hit the gnoll. You barely miss the gnoll.
The gnoll hits you with a +0 spear.
* * * LOW HITPOINT WARNING * * *
The gnoll hits you with a +0 halberd.
* * * LOW HITPOINT WARNING * * *
You hit the gnoll but do no damage.
The gnoll is heavily wounded.
You hit the gnoll. You hit the gnoll but do no damage.
You feel like a meek peon again. The gnoll hits you with a +0 whip.
* * * LOW HITPOINT WARNING * * *
A kobold comes into view.
You block the gnoll's attack. The gnoll completely misses you.
The kobold shouts!
You hit the gnoll but do no damage.
The gnoll is heavily wounded.
You barely miss the gnoll. You hit the gnoll.
You hear a shout!
The gnoll hits you with a +0 whip!
You die...

#.)(...[............
...................###.##
$....####.........####...
.>... #..............#
... #.........####.. #.
...........##.... #
##.......†........
#.....$).........
........@g.......
#......gg........
........$.......
##.......?......
#.#...##....... .......
...... ......K ......
.....# .....?


You could see 3 gnolls and a kobold.

Vanquished Creatures
  A gnoll (D:3)
  6 adders (D:2)
  3 worms
  A dart slug (D:2)
  6 leopard geckos
  10 bats
  5 giant cockroaches
  15 goblins
  8 hobgoblins
  2 jackals (D:1)
  A quokka (D:3)
  A ball python (D:2)
  A frilled lizard (D:2)
  7 kobolds
  10 rats
77 creatures vanquished.

Notes
Turn   | Place    | Note
-------+----------+-------------------------------------------
     0 | D:1      | Kinoniko the Draconian Monk began the quest for the Orb.
     0 | D:1      | Reached XP level 1. HP: 19/19 MP: 1/1
   404 | D:1      | Reached XP level 2. HP: 26/26 MP: 2/2
   689 | D:1      | Reached XP level 3. HP: 29/31 MP: 3/3
  1417 | D:2      | Reached XP level 4. HP: 25/40 MP: 4/4
  2245 | D:2      | Found an iron altar of Okawaru.
  2257 | D:2      | Reached XP level 5. HP: 30/46 MP: 5/5
  2303 | D:2      | Became a worshipper of Warmaster Okawaru
  2303 | D:2      | Reached * piety under Okawaru
  2303 | D:2      | Reached ** piety under Okawaru
  2648 | D:3      | Slain by a gnoll

Illustrated notes

Levels and vault maps discovered:
D:1:      dpeg_cavernosity, layout_loops_ring
D:2:      layout_loops_corners, kennysheep_okawaru_gauntlet
D:3:      layout_rooms, nicolae_overflow_crystal_walls, xom_redecorated

Skill      XL: |  1  2  3  4 |
---------------+-------------+-----
Dodging        | 3 |  3.5
Axes           | 4 |  4.7
Fighting       | 4 |  4.2
Stealth        | |  1.7

Action                   |  1- 3 |  4- 6 || total
-------------------------+-------+-------++-------
Melee: Hand axe          |   138 |   103 ||   241
       Tailslap          |    13 |    10 ||    23
       Punch             |       |     1 ||     1
Throw: Javelin           |       |     3 ||     3
Invok: Heroism           |       |     1 ||     1
 Stab: Sleeping          |     6 |     9 ||    15
Armor: Skin              |    39 |    16 ||    55
Dodge: Dodged            |   109 |    73 ||   182
Block: Other             |       |    12 ||    12
       Reflection        |       |     1 ||     1

Table legend: (Time is in decaauts)
 A = Elapsed time spent in this place.
 B = Non-inter-level travel time spent in this place.
 C = Inter-level travel time spent in this place.
 D = Time resting spent in this place.
 E = Time spent auto-exploring this place.
 F = Levels seen in this place.
 G = Mean time per level.
                   A        B        C        D        E       F      G
               +--------+--------+--------+--------+--------+-----+--------+
         Total |   2671 |   2627 |     44 |    610 |   1490 |   3 |  890.3 |
       Dungeon |   2671 |   2627 |     44 |    610 |   1490 |   3 |  890.3 |
               +--------+--------+--------+--------+--------+-----+--------+

Top non-repeatable levels by time:
     D:2: 1487 daAuts
     D:1: 1102 daAuts
     D:3: 81 daAuts
